[Event "Kurnosov Memorial Rapid 2018"]
[Site "Chelyabinsk"]
[Date "2018.09.07"]
[Round "1"]
[White "Oparin, Grigoriy"]
[Black "Sazonova, Anastasia"]
[Result "1-0"]
[ECO "A11"]
[WhiteElo "2665"]
[BlackElo "2005"]
[Annotator "RC"]
[PlyCount "65"]
[EventDate "2018.09.07"]
[EventType "swiss"]
[EventCountry "RUS"]
[SourceTitle "playchess.com"]
[Source "ChessBase"]
[SourceQuality "1"]
[TimeControl "900+10"]

1. c4 c6 2. Nf3 d5 3. e3 Nf6 4. Nc3 Bg4 5. cxd5 cxd5 6. Qb3 Bc8 7. Ne5 Nc6 8. d4 e6 9. Bb5 Qc7 10. Bd2 Bd6 11. f4 a6 12. Bd3 O-O 13. Rc1 Na5 14. Qc2 Nc4 15. Ne2 b5 16. b3 Nxd2 17. Qxc7 Bxc7 18. Rxc7 Nde4 19. Ng3 b4 20. Bxe4 Nxe4 21. Nxe4 dxe4 22. Kd2 a5 23. Rhc1 Ba6 24. g4 f6 25. Nd7 Rf7 26. Nb6 Rb8 27. Rxf7 Kxf7 28. Rc7+ Kg8 29. Nd7 Rd8 30. Nc5 Bb5 31. Nxe6 Re8 32. Nxg7 Ra8 33. Nh5 1-0

[Event "Kurnosov Memorial Rapid 2018"]
[Site "Chelyabinsk"]
[Date "2018.09.08"]
[Round "8"]
[White "Yakovich, Yuri"]
[Black "Demidov, Mikhail"]
[Result "1/2-1/2"]
[ECO "E00"]
[WhiteElo "2502"]
[BlackElo "2514"]
[Annotator "RC"]
[PlyCount "78"]
[EventDate "2018.09.07"]
[EventType "swiss"]
[EventCountry "RUS"]
[SourceTitle "playchess.com"]
[Source "ChessBase"]
[SourceQuality "1"]
[TimeControl "900+10"]

1. d4 e6 2. c4 Bb4+ 3. Bd2 Qe7 4. Nc3 Nf6 5. Qc2 O-O 6. a3 Bxc3 7. Bxc3 d6 8. e3 Re8 9. Ne2 a5 10. Ng3 a4 11. Be2 e5 12. O-O exd4 13. exd4 d5 14. Rae1 Qd8 15. Bd3 Be6 16. c5 Nc6 17. Bb5 h5 18. h3 h4 19. Ne2 Ne4 20. Bd2 Bf5 21. Qc1 Qf6 22. Be3 Ra5 23. Bxc6 Qxc6 24. f3 Nf6 25. Bg5 b6 26. cxb6 Qxb6 27. Bxh4 Bd3 28. Qd2 Bxe2 29. Bxf6 Raa8 30. Rxe2 Rxe2 31. Qxe2 Qxf6 32. Qd2 Rb8 33. Rc1 c6 34. Rc3 g6 35. Kh1 Re8 36. Re3 Rb8 37. Re5 Kg7 38. f4 Qh4 39. Re2 Ra8 1/2-1/2